 Dungeon Crawl Stone Soup version 0.29-a0-700-g2f1814c7b2 (webtiles) character file.

Game seed: 4784353354017294279

29421 ytrimaz the Severer (level 13, -1/108 HPs)
             Began as a Demonspawn Berserker on June 25, 2022.
             Was an Elder of Trog.
             Slain by a death yak (13 damage)
             ... on level 4 of the Lair of Beasts.
             The game lasted 00:20:46 (18117 turns).

ytrimaz the Severer (Demonspawn Berserker)         Turns: 18117, Time: 00:20:46

Health: -1/108     AC: 16    Str: 30    XL:     13   Next: 15%
Magic:  13/13      EV: 11    Int: 18    God:    Trog [****..]
Gold:   726        SH:  7    Dex: 17    Spells: 12/12 levels left

rFire   . . .      SeeInvis +   c - +5 war axe (venom)
rCold   . . .      Faith    .   n - +2 buckler of the Albatross {rN+ SInv}
rNeg    + . .      Spirit   .   i - +6 leather armour "Deisups" {Str+3 Int+2}
rPois   .          Reflect  .   (helmet restricted)
rElec   .          Harm     .   (no cloak)
rCorr   .          Rampage  .   k - +2 pair of gloves
Will    ++...                   G - +2 pair of boots
Stlth   +++.......              (no amulet)
HPRegen 1.28/turn               r - +6 ring of strength
MPRegen 0.26/turn               y - +6 ring of intelligence

@: strong-willed, regenerating
A: horns 1, thin skeletal structure 2, magic regeneration, demonic magic 2
a: Renounce Religion, Berserk, Trog's Hand, Brothers in Arms


You were on level 4 of the Lair of Beasts.
You worshipped Trog.
Trog was greatly pleased with you.
You visited 3 branches of the dungeon, and saw 16 of its levels.

You collected 1162 gold pieces.
You spent 436 gold pieces at shops.

Inventory:

Hand Weapons
 a - a +1 hand axe of protection
 c - a +5 war axe of venom (weapon)
Missiles
 z - a throwing net (quivered)
Armour
 i - the +6 leather armour "Deisups" (worn) {Str+3 Int+2}
   (You found it on level 7 of the Dungeon)

   Str:       It affects your strength (+3).
   Int:       It affects your intelligence (+2).
 k - a +2 pair of gloves (worn)
 n - the +2 buckler of the Albatross (worn) {rN+ SInv}
   (You found it on level 3 of the Dungeon)

   rN:        It protects you from negative energy.
   SInv:      It lets you see invisible.
 G - a +2 pair of boots (worn)
Jewellery
 r - a +6 ring of strength (left hand)
 y - a +6 ring of intelligence (right hand)
 H - a ring of fire
Wands
 p - a wand of mindburst (5)
 s - a wand of quicksilver (8)
 v - a wand of flame (27)
 A - a wand of paralysis (15)
 E - a wand of polymorph (6)
Scrolls
 b - 2 scrolls of teleportation
 e - 3 scrolls of blinking
 f - 4 scrolls of magic mapping
 g - a scroll of summoning
 j - 2 scrolls of brand weapon
 l - 5 scrolls of fear
 m - 2 scrolls of silence
 o - 2 scrolls of enchant weapon
 t - 2 scrolls of enchant armour
 w - a scroll of identify
 J - a scroll of fog
Potions
 d - 2 potions of magic
 h - 3 potions of mutation
 q - a potion of flight
 u - a potion of berserk rage
 x - 2 potions of lignification
 B - a potion of invisibility
 C - 3 potions of curing
 D - 2 potions of might
 F - a potion of heal wounds
 I - a potion of brilliance


   Skills:
 - Level 12.2 Fighting
 - Level 16.0 Axes
 + Level 6.9 Armour
 - Level 1.7 Dodging
 - Level 4.0 Shields


You had 12 spell levels left.
You didn't know any spells.
Your spell library was empty.

Dungeon Overview and Level Annotations

Branches:
Dungeon (11/15)            Temple (0/1) D:6            Lair (4/6) D:11
 Shoals (1/4) Lair:2       Spider (0/4) Lair:2          Orc (0/2) D:10

Altars:
Fedhas
Gozag
Hepliaklqana
Makhleb
Nemelex Xobeh
Qazlal
Sif Muna
Trog
Uskayaw
Vehumet
Xom
Yredelemnul
The Shining One
Beogh

Shops:
D:9 *


Innate Abilities, Weirdness & Mutations

You have a pair of small horns on your head.
You have a moderately thin skeletal structure. (Dex +4, Stealth++)
You regenerate magic rapidly.
Spells you cast may paralyse nearby enemies.


Message History

You barely miss the death yak. You block the death yak's attack.
The death yak barely misses you.
Unknown command.
You slash the death yak!
The death yak looks as sick as possible!
The death yak is almost dead.
You hit the death yak.
The death yak is poisoned.
The death yak gores you but does no damage.
The death yak closely misses you.
Unknown command.
You hit the death yak.
The death yak is lightly wounded.
You slash the death yak!
You kill the death yak!
Trog accepts your kill. The death yak gores you!
You slash the death yak!
The death yak looks as sick as possible!
The death yak is moderately wounded.
You hit the death yak but do no damage.
Unknown command.
You slash the death yak!
The death yak looks as sick as possible!
The death yak is heavily wounded.
You slash the death yak!
The death yak looks as sick as possible!
The death yak barely misses you. The death yak closely misses you.
You slash the death yak!
The death yak is severely wounded.
You hit the death yak.
The death yak looks as sick as possible!
The death yak gores you!!
* * * LOW HITPOINT WARNING * * *
You block the death yak's attack.
Your skin crawls.
You feel strong-willed. The death yak gores you!
* * * LOW HITPOINT WARNING * * *
The death yak gores you!
You die...

..# ###...#..##... ..#
.###.............. .....
.................. .....
..................
........................
................(.......
....# #P#.P.>...........
..##### ##P...#Y#Y..##
..#..P#####...##@##.##
........###...###.P.P#
..P.....P##....##...##P..
..+.....# #..............
...##...###...#....#.#...
...###..##....####..#.#..
..####.####....P#..#..# .
..#.##'.##...........^..
.........................


You could see 2 death yaks.

Vanquished Creatures
  Erica (D:10)
  2 two-headed ogres
  9 death yaks
  Pikel (D:4)
  An ugly thing (D:10)
  A manticore (D:11)
  A cyclops (D:10)
  6 elephants (Lair:4)
  A black mamba (Lair:2)
  4 cane toads
  5 komodo dragons
  2 trolls
  A hornet (D:10)
  A slime creature (D:10)
  3 polar bears
  4 blink frogs (Lair:1)
  Sigmund (D:2)
  3 culicivoras (Lair:2)
  3 shadows
  2 wraiths
  28 yaks
  A wyvern (D:11)
  A basilisk (D:7)
  4 vampire mosquitoes (D:11)
  2 steam dragons
  2 acid dragons
  15 water moccasins
  3 black bears
  10 orc warriors
  3 ice beasts
  An ogre (D:10)
  14 wolves
  4 centaurs
  A phantom (D:7)
  4 lemures (D:4)
  2 kobold brigands
  Blork the orc (D:4)
  14 bullfrogs
  A gnoll sergeant (D:11)
  A scorpion (D:11)
  5 wights (D:10)
  4 killer bees (D:7)
  3 hounds
  3 jellies
  A gnoll shaman (D:7)
  Natasha (twice) (D:3)
  7 orc priests
  Terence (D:2)
  Ijyb (D:4)
  5 iguanas
  4 orc wizards (D:5)
  Robin (D:3)
  17 gnolls
  8 adders
  A shadow imp (D:8)
  2 white imps (D:6)
  A worm (D:2)
  A dart slug (D:1)
  78 orcs
  5 ball pythons
  4 endoplasms
  A giant cockroach (D:3)
  16 goblins
  9 hobgoblins
  5 jackals
  9 kobolds
  2 quokkas
  7 bats
  A frilled lizard (D:3)
  13 rats
381 creatures vanquished.

Vanquished Creatures (others)
  An orc wizard (D:10)
  12 fungi
  17 plants
30 creatures vanquished.

Grand Total: 411 creatures vanquished

Notes
Turn   | Place    | Note
-------+----------+-------------------------------------------
     0 | D:1      | ytrimaz the Demonspawn Berserker began the quest for the
                  | Orb.
     0 | D:1      | Reached XP level 1. HP: 18/18 MP: 1/1
    82 | D:1      | Reached skill level 3 in Axes
   455 | D:1      | Gained mutation: You have a somewhat thin skeletal
                  | structure. (Dex +2, Stealth+) [demonic ancestry]
   455 | D:1      | Reached XP level 2. HP: 24/24 MP: 2/2
   647 | D:1      | Found a faded altar of an unknown god.
   890 | D:1      | Reached ** piety under Trog
   985 | D:1      | Reached XP level 3. HP: 6/29 MP: 3/3
  1335 | D:2      | Noticed Terence
  1349 | D:2      | Killed Terence
  1350 | D:2      | Reached skill level 4 in Axes
  1820 | D:2      | Gained mutation: Spells you cast may paralyse adjacent
                  | enemies. [demonic ancestry]
  1820 | D:2      | Reached XP level 4. HP: 36/36 MP: 4/4
  1869 | D:2      | Noticed Sigmund
  1881 | D:2      | Killed Sigmund
  1882 | D:2      | Reached skill level 5 in Axes
  1882 | D:2      | Gained mutation: You regenerate magic rapidly. [demonic
                  | ancestry]
  1882 | D:2      | Reached XP level 5. HP: 43/43 MP: 5/5
  2042 | D:3      | Reached XP level 6. HP: 49/49 MP: 6/6
  2187 | D:3      | Found a hazy altar of Hepliaklqana.
  2314 | D:3      | Found an opulent altar of Gozag.
  2335 | D:3      | Identified the +2 buckler of the Albatross {rN+ SInv}
  2403 | D:3      | Found a large runed translucent door.
  2404 | D:3      | Found a large runed translucent door.
  2443 | D:3      | Found a blossoming altar of Fedhas.
  2595 | D:3      | Noticed Natasha
  2610 | D:3      | Killed Natasha
  2649 | D:3      | Noticed Natasha
  2661 | D:3      | Killed Natasha
  2717 | D:3      | Noticed Robin
  2733 | D:3      | Killed Robin
  3093 | D:3      | Found a shimmering altar of Xom.
  3096 | D:3      | Found a shimmering blue altar of Sif Muna.
  3157 | D:4      | Noticed Ijyb
  3173 | D:4      | Killed Ijyb
  3174 | D:4      | Reached skill level 6 in Axes
  3274 | D:4      | Reached skill level 1 in Shields
  3324 | D:4      | HP: 2/75 [lemure[Pikel] (2)]
  3741 | D:4      | Noticed Pikel
  3761 | D:4      | Killed Pikel
  3762 | D:4      | Reached XP level 7. HP: 58/58 MP: 7/7
  3865 | D:4      | Noticed Blork the orc
  3876 | D:4      | Killed Blork the orc
  4187 | D:4      | Found a hide-covered altar of Uskayaw.
  4187 | D:4      | Found a stormy altar of Qazlal.
  4247 | D:4      | Reached XP level 8. HP: 61/65 MP: 8/8
  4821 | D:5      | Entered Level 5 of the Dungeon
  5345 | D:5      | HP: 2/69 [water moccasin (5)]
  6336 | D:5      | Identified the +2 whip of Spite {venom, rElec rC- Will+
                  | rCorr Str+2}
  6746 | D:6      | Found a staircase to the Ecumenical Temple.
  6904 | D:6      | Gained mutation: You have a pair of small horns on your
                  | head. [demonic ancestry]
  6904 | D:6      | Reached XP level 9. HP: 78/78 MP: 9/9
  7437 | D:7      | Reached skill level 10 in Fighting
  7928 | D:7      | Identified the +6 leather armour "Deisups" {Str+3 Int+2}
  8198 | D:8      | Found a bloodstained altar of Trog.
  8209 | D:8      | Noticed a two-headed ogre
  8222 | D:8      | Killed a two-headed ogre
  8910 | D:8      | Reached XP level 10. HP: 87/89 MP: 10/10
  9379 | D:9      | Found Vytikk's General Store.
  9430 | D:9      | Found a radiant altar of Vehumet.
  9457 | D:9      | Identified the +0 ring mail "Basaz" {rN+ Will- rCorr}
  9791 | D:9      | Reached skill level 7 in Axes
 10003 | D:9      | Identified the +2 robe of the Game of Kings {Regen+ Dex+3}
 10004 | D:9      | Found a sparkling altar of Nemelex Xobeh.
 10405 | D:10     | Entered Level 10 of the Dungeon
 10436 | D:10     | Reached skill level 8 in Axes
 10559 | D:10     | Reached *** piety under Trog
 10654 | D:10     | Reached skill level 9 in Axes
 10782 | D:10     | Noticed Erica
 10784 | D:10     | Noticed a cyclops
 10851 | D:10     | Found a staircase to the Orcish Mines.
 11119 | D:9      | Bought a +5 war axe of venom for 436 gold pieces
 11383 | D:10     | Noticed a green ugly thing
 11407 | D:10     | Killed a green ugly thing
 11478 | D:10     | Reached skill level 10 in Axes
 11526 | D:10     | Killed Erica
 11527 | D:10     | Gained mutation: Spells you cast may paralyse nearby
                  | enemies. [demonic ancestry]
 11527 | D:10     | Reached XP level 11. HP: 27/95 MP: 11/11
 12106 | D:10     | Noticed a two-headed ogre
 12111 | D:10     | Killed a two-headed ogre
 12112 | D:10     | Reached skill level 11 in Axes
 12431 | D:10     | Found a burning altar of Makhleb.
 12431 | D:10     | Noticed a blizzard demon
 13200 | D:11     | Found a staircase to the Lair.
 13216 | D:11     | Reached skill level 12 in Axes
 13374 | D:11     | Reached **** piety under Trog
 13482 | D:11     | Found a blossoming altar of Fedhas.
 13861 | Lair:1   | Entered Level 1 of the Lair of Beasts
 13991 | Lair:1   | Reached skill level 13 in Axes
 14402 | Lair:1   | Reached XP level 12. HP: 102/102 MP: 12/12
 14915 | Lair:2   | Found a hole to the Spider Nest.
 15537 | Lair:2   | Found a staircase to the Shoals.
 15644 | Lair:2   | Identified the +4 whip of Ecaquj {elec, Will++}
 15680 | Lair:2   | Reached skill level 14 in Axes
 15682 | Lair:2   | Noticed a death yak
 15687 | Lair:2   | Noticed a death yak
 15689 | Lair:2   | Noticed a death yak
 15690 | Lair:2   | Noticed a death yak
 15693 | Lair:2   | Killed a death yak
 15695 | Lair:2   | Noticed a death yak
 15700 | Lair:2   | Killed a death yak
 15701 | Lair:2   | Reached skill level 5 in Armour
 15702 | Lair:2   | Killed a death yak
 15704 | Lair:2   | Killed a death yak
 15708 | Lair:2   | Killed a death yak
 16251 | Shoals:1 | Entered Level 1 of the Shoals
 16533 | Lair:3   | Reached skill level 15 in Axes
 16703 | Lair:3   | Found a basalt altar of Yredelemnul.
 17262 | Lair:3   | Reached ***** piety under Trog
 17940 | Lair:4   | Gained mutation: You have a moderately thin skeletal
                  | structure. (Dex +4, Stealth++) [demonic ancestry]
 17940 | Lair:4   | Reached XP level 13. HP: 93/108 MP: 13/13
 17942 | Lair:4   | Reached skill level 16 in Axes
 18117 | Lair:4   | Slain by a death yak

Illustrated notes

Levels and vault maps discovered:
D:1:      moated_graveyard_arrival, layout_loops_corners,
          shapermc_ecumenical_altar_acropolis, chequers_serial_rivers_micro_d,
          minmay_misc_feat_roman
D:2:      layout_basic, uniq_sigmund, uniq_terence
D:3:      layout_basic, lemuel_tele_altar, nicolae_tso_carved_into_rock,
          mainiacjoe_overflow_catch_the_wave, jmf_multi_god_temple2,
          minmay_misc_feat_four_crosses, interstate_on_off, uniq_natasha,
          uniq_robin
D:4:      layout_basic, amethyst_overflow_temple_binary, uniq_ijyb,
          uniq_blork_the_orc, uniq_pikel
D:5:      layout_cave_pods
D:6:      layout_loops_corners, minmay_temple_entry_sparse_star
D:7:      layout_cave_pools, chequers_serial_rivers_micro_a, nrook_campfire
D:8:      layout_layer_cave, mainiacjoe_overflow_catwalk,
          minmay_fractal_squares_gapless_5
D:9:      layout_roguey [special_room_orc], mainiacjoe_overflow_cross_hatched,
          nicolae_vehumet_radiance, serial_shops, nicolae_take_the_stairs
D:10:     lemuel_ice_spiral_2, layout_rooms, makhleb_altar_promises_db,
          special_room [special_room_orc], minmay_fractal_squares_gapless_7,
          uniq_erica
D:11:     layout_roguey [special_room_orc], due_lair_maze_entry_diamond,
          hex_medium, fedhas_altar_fruit_tree
Lair:1:   layout_roguey, serial_bayou_shore_b, grunt_megastairs_4
Lair:2:   layout_cave_pods, elwin_shoals_entry_rocks,
          hellmonk_spider_entry_life_and_decay, st_stairs_12,
          serial_bayou_pond_d, minmay_holes, infiniplex_staircase_pool_2,
          serial_bayou_shore_b, serial_bayou_shore_a
Lair:3:   layout_hall_layers, basic_altar, serial_bayou_shore_b
Lair:4:   layout_regular_city, nicolae_lair_grazing_beasts
          [nicolae_sub_lair_graze_edge, nicolae_sub_lair_graze_edge,
          nicolae_sub_lair_graze_edge, nicolae_sub_lair_graze_edge]
Shoals:1: layout_shoals

Skill      XL: |  1  2  3  4  5  6  7  8  9 10 11 12 13 |
---------------+----------------------------------------+-----
Axes           | 3 4 5 6 10 13 15 16 | 16.0
Fighting       | 4 6 9 12 | 12.2
Shields        | 3 4 |  4.0
Armour         | 3 4 5 6 |  6.9
Dodging        | |  1.7

Action                   |  1- 3 |  4- 6 |  7- 9 | 10-12 | 13-15 || total
-------------------------+-------+-------+-------+-------+-------++-------
Melee: Hand axe          |   119 |   182 |   318 |   232 |       ||   851
       Punch             |     2 |       |       |       |       ||     2
       Headbutt          |       |       |    34 |   158 |     8 ||   200
       War axe           |       |       |       |   371 |    24 ||   395
Invok: Berserk           |     2 |     5 |     5 |     5 |       ||    17
       Trog's Hand       |       |     6 |     6 |    11 |     2 ||    25
Evoke: Wand              |       |       |       |     3 |       ||     3
  Use: Scroll            |     4 |     5 |     5 |     9 |       ||    23
       Potion            |     1 |       |     4 |     3 |       ||     8
 Stab: Sleeping          |     4 |       |     1 |     5 |       ||    10
Armor: Animal skin       |    35 |       |       |       |       ||    35
       Chain mail        |    10 |   141 |   153 |       |       ||   304
       Skin              |       |       |     4 |       |       ||     4
       Leather armour    |       |       |    23 |   281 |     6 ||   310
Dodge: Dodged            |   102 |    81 |   141 |   309 |     6 ||   639
Block: Buckler           |       |    28 |   131 |   232 |     8 ||   399

Table legend: (Time is in decaauts)
 A = Elapsed time spent in this place.
 B = Non-inter-level travel time spent in this place.
 C = Inter-level travel time spent in this place.
 D = Time resting spent in this place.
 E = Time spent auto-exploring this place.
 F = Levels seen in this place.
 G = Mean time per level.
                   A        B        C        D        E       F      G
               +--------+--------+--------+--------+--------+-----+--------+
         Total |  18271 |  17807 |    464 |   1629 |  13289 |  16 | 1141.9 |
       Dungeon |  14019 |  13663 |    356 |   1491 |   9751 |  11 | 1274.5 |
          Lair |   4250 |   4142 |    108 |    138 |   3537 |   4 | 1062.5 |
        Shoals |      1 |      1 |      0 |      0 |      0 |   1 |    1.0 |
               +--------+--------+--------+--------+--------+-----+--------+

Top non-repeatable levels by time:
     D:4: 1726 daAuts
    D:10: 1692 daAuts
  Lair:2: 1591 daAuts
     D:9: 1544 daAuts
     D:5: 1540 daAuts
     D:1: 1354 daAuts
    D:11: 1258 daAuts
  Lair:3: 1255 daAuts
     D:8: 1252 daAuts
     D:3: 1152 daAuts
     D:6: 911 daAuts
     D:7: 883 daAuts
  Lair:1: 863 daAuts
     D:2: 703 daAuts
  Lair:4: 539 daAuts
